 Dungeon Crawl Stone Soup version 0.28-a0-998-gb9e9c7b67e (webtiles) character file.

Game seed: 15509613056201194906

24704 vurker the Eclecticist (level 12, 61/61 HPs)
             Began as a Felid Air Elementalist on Dec 5, 2021.
             Was a High Priest of Vehumet.
             Quit the game on level 13 of the Dungeon.
             The game lasted 00:38:16 (33154 turns).

vurker the Eclecticist (Felid Air Elementalist)    Turns: 33154, Time: 00:38:17

Health: 61/61      AC:  3    Str: 10    XL:     12   Next: 83%
Magic:  32/32      EV: 18    Int: 28    God:    Vehumet [*****.]
Gold:   761        SH:  0    Dex: 18    Spells: 11/42 levels left
                                        Lives:  0   Deaths: 3

rFire   . . .      SeeInvis +   (weapon unavailable)
rCold   + + .      Faith    .   (shield unavailable)
rNeg    + . .      Spirit   .   (armour unavailable)
rPois   +          Reflect  .   (helmet unavailable)
rElec   .          Harm     .   (cloak unavailable)
rCorr   .          Rampage  .   (gloves unavailable)
Will    +....                   (boots unavailable)
Stlth   ++........              w - amulet of magic regeneration
HPRegen 0.20/turn               l - ring of Saucac {rPois Str+6 Int+2 SInv}
MPRegen 0.63/turn               z - ring of Entrepreneurial Spirit {rC+ rN+ Int+6}

@: quick
A: very small, claws 1, fangs 3, see invisible, speed 1, shaggy fur 3, stealthy
paws, no weapons or thrown items, no armour, multi-lived
a: Renounce Religion


You were on level 13 of the Dungeon.
You worshipped Vehumet.
Vehumet was extremely pleased with you.
You visited 4 branches of the dungeon, and saw 22 of its levels.

You collected 2058 gold pieces.
You spent 1297 gold pieces at shops.

Inventory:

Jewellery
 g - a ring of the Octopus King {Fly AC+1 EV+1 Str+1 Int+1 Dex+1}
   (You found it on level 1 of the Lair of Beasts)

   [ring of flight]

   AC:        It affects your AC (+1).
   EV:        It affects your evasion (+1).
   Str:       It affects your strength (+1).
   Int:       It affects your intelligence (+1).
   Dex:       It affects your dexterity (+1).
   Fly:       It grants you flight.
 l - the ring of Saucac (left paw) {rPois Str+6 Int+2 SInv}
   (You took it off a gnoll on level 6 of the Dungeon)

   [ring of strength]

   Str:       It affects your strength (+6).
   Int:       It affects your intelligence (+2).
   rPois:     It protects you from poison.
   SInv:      It lets you see invisible.
 p - a +4 ring of evasion
   (You found it on level 4 of the Dungeon)
 w - an amulet of magic regeneration (around neck)
   (You found it on level 1 of the Lair of Beasts)
 z - the ring of Entrepreneurial Spirit (right paw) {rC+ rN+ Int+6}
   (You bought it in a shop on level 2 of the Orcish Mines)

   [ring of intelligence]

   Int:       It affects your intelligence (+6).
   rC:        It protects you from cold.
   rN:        It protects you from negative energy.
Wands
 d - a wand of iceblast (12)
   (You found it on level 4 of the Dungeon)
 t - a wand of flame (29)
   (You found it on level 5 of the Dungeon)
 u - a wand of paralysis (2)
   (You found it on level 10 of the Dungeon)
 v - a wand of digging (17)
   (You found it on level 4 of the Lair of Beasts)
 x - a wand of acid (17)
   (You found it on level 1 of the Lair of Beasts)
 y - a wand of polymorph (4)
   (You took it off Maurice on level 2 of the Orcish Mines)
Scrolls
 a - a scroll of summoning
 e - 4 scrolls of magic mapping
 h - 3 scrolls of fear
 m - 8 scrolls of teleportation
 q - 2 scrolls of immolation
 s - 4 scrolls of fog
 B - a scroll of identify
Potions
 b - 9 potions of curing
 c - 5 potions of heal wounds
 f - a potion of ambrosia
 i - 4 potions of lignification
 j - 3 potions of mutation
 k - 2 potions of magic
 n - 2 potions of cancellation
 o - 2 potions of flight
 r - a potion of invisibility {unknown}
 A - a potion of haste {unknown}


   Skills:
 + Level 12.0 Fighting
 + Level 2.8 Dodging
 - Level 2.6 Stealth
 * Level 15.6 Spellcasting
 - Level 3.0 Conjurations
 - Level 3.0 Necromancy
 + Level 13.0 Ice Magic
 * Level 10.0 Air Magic


You had 11 spell levels left.
You knew the following spells:

 Your Spells              Type           Power      Damage    Failure   Level
a - Lightning Bolt        Conj/Air       27%        1d44      1%          5
b - Ozocubu's Refrigerat  Ice            38%        4d12      2%          7
c - Airstrike             Air            33%        N/A       1%          4
d - Shock                 Conj/Air       100%       1d9       1%          1
f - Maxwell's Capacitive  Air            33%        ∞         50%         8
q - Olgreb's Toxic Radia  Pois           21%        N/A       6%          4
w - Sublimation of Blood  Necr           38%        N/A       1%          2

Your spell library contained the following spells:

 Spells                   Type           Power      Damage    Failure   Level
 Hailstorm                Conj/Ice       61%        3d13      1%          4
 Animate Skeleton         Necr           76%        N/A       1%          1
 Foxfire                  Conj/Fire      100%       2x1d9     1%          1
 Sandblast                Erth           42%        2d11      1%          1
 Ensorcelled Hibernation  Hex/Ice        100%       N/A       1%          2
 Scorch                   Fire           42%        2d7       1%          2
 Static Discharge         Conj/Air       55%        N/A       1%          2
 Conjure Flame            Conj/Fire      30%        6-21      1%          3
 Inner Flame              Hex/Fire       21%        N/A       1%          3
 Ozocubu's Armour         Ice            76%        N/A       1%          3
 Stone Arrow              Conj/Erth      60%        3d10      1%          3
 Swiftness                Air            67%        N/A       1%          3
 Apportation              Tloc           42%        N/A       2%          1
 Summon Small Mammal      Summ           84%        N/A       2%          1
 Summon Lightning Spire   Summ/Air       50%        N/A       2%          4
 Passwall                 Tmut/Erth      17%        N/A       3%          2
 Wereblood                Tmut           21%        N/A       3%          2
 Flame Wave               Conj/Fire      30%        2d7       3%          4
 Call Canine Familiar     Summ           21%        N/A       7%          3
 Gell's Gravitas          Tloc           21%        N/A       7%          3
 Lesser Beckoning         Tloc           21%        N/A       7%          3
 Summon Guardian Golem    Hex/Summ       21%        N/A       7%          3
 Teleport Other           Tloc           21%        N/A       7%          3
 Tukima's Dance           Hex            21%        N/A       7%          3
 Cause Fear               Hex            10%        N/A       22%         4
 Storm Form               Tmut/Air       25%        N/A       94%         7
 Dispersal                Tloc           10%        N/A       98%         6
 Summon Cactus Giant      Summ           10%        N/A       98%         6
 Summon Hydra             Summ           10%        N/A       100%        7
 Discord                  Hex            10%        N/A       100%        8


Dungeon Overview and Level Annotations

Branches:
Dungeon (13/15)            Temple (1/1) D:6            Lair (6/6) D:8
  Swamp (0/4) Lair:4       Spider (0/4) Lair:3        Slime (0/5) Lair:5
    Orc (2/2) D:10            Elf (0/3) Orc:2        Vaults (0/5) D:13

Altars:
Ashenzari
Cheibriados
Dithmenos
Elyvilon
Fedhas
Gozag
Hepliaklqana
Kikubaaqudgha
Makhleb
Nemelex Xobeh
Okawaru
Qazlal
Ru
Sif Muna
Trog
Uskayaw
Vehumet
Wu Jian
Xom
Yredelemnul
Zin
The Shining One
Beogh
Jiyva

Shops:
D:1 !   D:5 (   D:11 (   Orc:2 ?(*(

Annotations:
D:7 1 runed translucent door, tstbtto's ghost, novice DjBe
D:9 3 runed translucent doors, anonymous's ghost, novice TeAE
D:10 1 runed translucent door
D:13 5 runed translucent doors
Lair:1 2 transporters, 3 runed translucent doors, casual's ghost, journeyman DjCj
Lair:3 1 runed translucent door, Noname's ghost, journeyman DgFE
Lair:6 2 runed translucent doors


Innate Abilities, Weirdness & Mutations

You have sharp claws.
You have razor-sharp teeth.
You have supernaturally acute eyesight. (SInv)
You cover ground quickly. (Speed+)
Your thick and shaggy fur keeps you warm. (AC +3, rC+)
Your paws help you pounce on unaware monsters.
You are incapable of wielding weapons or throwing items.
You cannot wear armour.
You gain extra lives every three experience levels.


Message History

a +0 troll leather armour; a troll corpse
Found 23 gold pieces.
m - 8 scrolls of teleportation (gained 2)
You now have 761 gold pieces (gained 23).
A cyclops comes into view.
The cyclops shouts!
You hear a horrible gurgling sound!
You hear a shout!
You hear two shouts!
A cyclops is nearby!
A cyclops is nearby!
A manticore and a boulder beetle come into view.
Aim: a cyclops, quivering large rocks (empty space bonus: 7/8)
The air twists around and strikes the cyclops!
A brown ugly thing comes into view.
The boulder beetle curls into a ball and begins rolling!
The manticore flicks its tail.
The volley of spikes hits you.
The barbed spikes become lodged in your body.
The spell is quite dangerous to miscast (2% risk of failure)!
Continue anyway?
Okay, then.
The spell is quite dangerous to miscast (2% risk of failure)!
Continue anyway?
The heat is drained from your surroundings.
You feel very cold. The monsters around you are frozen!
The manticore flicks its tail.
The volley of spikes hits you!
The barbed spikes become lodged in your body.
The spell is quite dangerous to miscast (2% risk of failure)!
Continue anyway?
The heat is drained from your surroundings.
You feel very cold. The monsters around you are frozen!
You kill the cyclops!
Vehumet accepts your kill.
You feel your power returning.
You kill the manticore!
Vehumet accepts your kill.
You feel your power returning.
A slime creature comes into view.
You miscast Ozocubu's Refrigeration.
You are very lightly contaminated with residual magic.
You feel extremely cold. You resist.
A centaur warrior comes into view.
A two-headed ogre comes into view. It is wielding two +0 giant clubs.
The heat is drained from your surroundings.
You feel very cold. The monsters around you are frozen!
The centaur warrior shouts!
The boulder beetle hits you!!!
Ouch! That really hurt!
You die...
The boulder beetle stops rolling and uncurls.
You hear a roar!
You are now level 12!
You rejoin the land of the living...

......##....##.........###...'...
.......##++##...........##...#...
........####.............#...#...
........####.............#...'...
........####.............#...#..(
........####.........(.......####
........####.............#)(.....
........####.............#.(....(
........####....@........#.(.....
.......######...........##..#####
......## ##.........###..#...#
.....## ##.......## #..#...#
#.################(#######..#...#
............................#...#
................>...........#...#
............................'...#
............................#####


There were no monsters in sight!

Vanquished Creatures
  A rakshasa (D:13)
  4 hydras
  Fannar (D:11)
  A boulder beetle (D:13)
  A catoblepas (Lair:2)
  2 centaur warriors (D:13)
  5 ogre magi
  24 two-headed ogres
  3 death yaks
  2 bog bodies (Lair:4)
  A lindwurm (Lair:6)
  2 ugly things
  3 cyclopes
  2 manticores (D:13)
  Maurice (Orc:2)
  17 elephants
  8 black mambas
  4 molten gargoyles
  2 torpor snails (Lair:5)
  13 cane toads
  4 gargoyles
  4 rime drakes
  3 yaktaurs (D:13)
  2 tengu conjurers
  12 komodo dragons
  8 trolls
  4 polar bears
  3 slime creatures (D:12)
  12 blink frogs
  Prince Ribbit (D:7)
  2 redbacks (Lair:3)
  A spriggan (shapeshifter) (D:10)
  A vampire (D:13)
  4 wraiths
  9 wyverns
  3 basilisks
  37 yaks
  4 steam dragons
  Grum (Lair:1)
  7 vampire mosquitoes (D:10)
  2 swamp worms (Lair:4)
  2 acid dragons (D:11)
  4 hell hounds (Lair:6)
  5 wargs
  9 water moccasins
  A black bear (D:8)
  10 orc warriors
  A sky beast (D:7)
  2 necrophages (D:7)
  33 ogres
  16 wolves
  5 centaurs
  A kobold brigand (D:9)
  8 bullfrogs
  4 scorpions
  A water moccasin skeleton (D:5)
  9 killer bees
  10 wights
  3 howler monkeys
  2 electric eels
  10 lava snakes
  7 hounds
  A jelly (D:5)
  5 centaur zombies
  2 bullfrog skeletons (D:6)
  8 orc priests
  Crazy Yiuf (D:7)
  A centaur skeleton (D:4)
  An iguana (D:7)
  12 orc wizards
  4 hell rats
  A killer bee zombie (D:5)
  A hound skeleton (D:5)
  2 howler monkey zombies
  7 adders
  10 gnolls
  A river rat (D:8)
  12 white imps (Lair:3)
  2 ufetubi
  5 dart slugs
  30 orcs
  4 ball pythons
  8 endoplasms
  5 giant cockroaches
  7 hobgoblins
  5 jackals
  8 quokkas
  9 bats
  3 frilled lizards
  7 goblins
  13 kobolds
  8 rats
547 creatures vanquished.

Vanquished Creatures (others)
  A yak (Lair:5)
  47 fungi
  25 plants
73 creatures vanquished.

Grand Total: 620 creatures vanquished

Notes
Turn   | Place    | Note
-------+----------+-------------------------------------------
     0 | D:1      | vurker the Felid Air Elementalist began the quest for the
                  | Orb.
     0 | D:1      | Reached XP level 1. HP: 7/7 MP: 4/4
   152 | D:1      | Reached skill level 1 in Conjurations
   189 | D:1      | Found Roeqaqyh's Distillery.
   240 | D:1      | Reached XP level 2. HP: 7/12 MP: 0/6
   750 | D:1      | Reached skill level 1 in Fighting
   750 | D:1      | Reached XP level 3. HP: 15/15 MP: 4/7
   781 | D:1      | Found a faded altar of an unknown god.
  1065 | D:1      | Bought a potion of curing for 33 gold pieces
  1799 | D:2      | Found a shimmering blue altar of Sif Muna.
  2158 | D:3      | Reached XP level 4. HP: 19/19 MP: 4/9
  2530 | D:3      | Reached skill level 3 in Spellcasting
  3066 | D:3      | Reached XP level 5. HP: 17/22 MP: 1/10
  3214 | D:3      | Found a shimmering altar of Xom.
  3390 | D:4      | Found a sacrificial altar of Ru.
  3586 | D:4      | Gained mutation: You are covered in thick fur. (AC +2)
                  | [Felid growth]
  3586 | D:4      | Reached XP level 6. HP: 26/26 MP: 5/12
  3865 | D:4      | Reached skill level 4 in Spellcasting
  4477 | D:5      | Entered Level 5 of the Dungeon
  4479 | D:5      | Found Jeassagi's Weapon Boutique.
  4567 | D:5      | Reached XP level 7. HP: 26/30 MP: 1/14
  4663 | D:5      | Learned a level 4 spell: Airstrike
  4759 | D:5      | Found an ornate altar of the Wu Jian Council.
  5406 | D:5      | Reached skill level 5 in Air Magic
  5710 | D:6      | Reached skill level 5 in Spellcasting
  5726 | D:6      | Identified the ring of Saucac {rPois Str+6 Int+2 SInv}
  6189 | D:6      | Reached XP level 8. HP: 30/34 MP: 1/17
  6501 | D:6      | Found a staircase to the Ecumenical Temple.
  6513 | Temple   | Entered the Ecumenical Temple
  6693 | Temple   | Became a worshipper of Vehumet
  7126 | D:6      | Found a bloodstained altar of Trog.
  7130 | D:6      | Learned a level 2 spell: Sublimation of Blood
  7192 | D:6      | Found a snail-covered altar of Cheibriados.
  7377 | D:7      | Reached skill level 6 in Spellcasting
  7494 | D:7      | Reached skill level 1 in Necromancy
  7972 | D:7      | Noticed Prince Ribbit
  7977 | D:7      | Killed Prince Ribbit
  7978 | D:7      | Reached XP level 9. HP: 39/39 MP: 7/20
  8054 | D:7      | Found a runed translucent door.
  8054 | D:7      | Noticed tstbtto's ghost (novice DjBe)
  8333 | D:7      | Reached skill level 7 in Spellcasting
  8507 | D:7      | Reached * piety under Vehumet
  8507 | D:7      | Offered knowledge of Freeze by Vehumet.
  8553 | D:7      | Found a sparkling altar of Nemelex Xobeh.
  8745 | D:7      | Found a runed translucent door.
  8746 | D:7      | Noticed Crazy Yiuf
  8784 | D:7      | Killed Crazy Yiuf
  8908 | D:8      | Noticed a two-headed ogre
  8944 | D:7      | Killed a two-headed ogre
  8945 | D:7      | Reached skill level 5 in Fighting
  9081 | D:8      | Noticed a death yak
  9605 | D:8      | Reached skill level 8 in Spellcasting
  9890 | D:8      | Noticed a death yak
 10067 | D:8      | Reached XP level 10. HP: 45/45 MP: 11/23
 10480 | D:6      | Killed a death yak
 10663 | D:8      | Noticed a death yak
 10688 | D:7      | Killed a death yak
 10807 | D:8      | Found a broken altar of Ashenzari.
 11182 | D:8      | Found a staircase to the Lair.
 11202 | D:8      | Learned a level 7 spell: Ozocubu's Refrigeration
 11553 | D:8      | Killed a death yak
 11554 | D:8      | Reached skill level 9 in Spellcasting
 11554 | D:8      | Reached skill level 1 in Ice Magic
 11668 | D:8      | Found a staircase to the Lair.
 11811 | D:8      | Found a broken altar of Ashenzari.
 12243 | D:9      | Found a runed translucent gate.
 12244 | D:9      | Found a runed translucent gate.
 12244 | D:9      | Found a runed translucent gate.
 12246 | D:9      | Noticed anonymous's ghost (novice TeAE)
 12400 | D:9      | Noticed a two-headed ogre
 12421 | D:9      | Killed a two-headed ogre
 12768 | D:9      | Found the +0 staff of Battle
 12819 | D:9      | Reached ** piety under Vehumet
 12916 | D:9      | Offered knowledge of Poisonous Vapours by Vehumet.
 13158 | D:9      | Found a viscous altar of Jiyva.
 13170 | D:10     | Entered Level 10 of the Dungeon
 13347 | D:10     | Noticed a two-headed ogre
 13359 | D:10     | Killed a two-headed ogre
 13360 | D:10     | Reached XP level 11. HP: 50/50 MP: 10/25
 13834 | D:10     | Found a runed translucent door.
 13835 | D:10     | Found a burning altar of Makhleb.
 13835 | D:10     | Noticed a sixfirhy
 13861 | D:10     | Identified a scroll of acquirement
 13861 | D:10     | Acquired a book of the Sky
 13872 | D:10     | Learned a level 8 spell: Maxwell's Capacitive Coupling
 13955 | D:10     | Identified the +2 ring mail "Viutustru" {rC++ rN+ Int-3
                  | SInv}
 13982 | D:10     | Reached skill level 10 in Spellcasting
 14723 | D:10     | Found a glowing silver altar of Zin.
 15080 | D:10     | Found a staircase to the Orcish Mines.
 15093 | D:10     | Reached skill level 5 in Ice Magic
 15124 | D:10     | Offered knowledge of Searing Ray by Vehumet.
 15299 | D:10     | Found a basalt altar of Yredelemnul.
 15457 | D:10     | Found a shimmering blue altar of Sif Muna.
 16022 | D:11     | Found Rilor's Antique Weapon Shop.
 16721 | D:11     | Found Rilor's Antique Weapon Shop.
 17178 | Lair:1   | Entered Level 1 of the Lair of Beasts
 17522 | Lair:1   | Reached *** piety under Vehumet
 17523 | Lair:1   | Reached skill level 11 in Spellcasting
 17779 | Lair:1   | Noticed a four-headed hydra
 17785 | Lair:1   | Killed a four-headed hydra
 18080 | Lair:1   | Found the ring of the Octopus King
 18086 | Lair:1   | Found a transporter.
 18087 | Lair:1   | Identified a ring of the Octopus King {Fly AC+1 EV+1 Str+1
                  | Int+1 Dex+1}
 18283 | Lair:1   | Found a runed translucent gate.
 18283 | Lair:1   | Found a runed translucent gate.
 18283 | Lair:1   | Found a runed translucent gate.
 18326 | Lair:1   | Noticed Grum
 18339 | Lair:1   | Gained mutation: Your thick and shaggy fur keeps you warm.
                  | (AC +3, rC+) [Felid growth]
 18339 | Lair:1   | Reached XP level 12. HP: 56/56 MP: 11/28
 18344 | Lair:1   | Noticed casual's ghost (journeyman DjCj)
 18597 | Lair:1   | Killed Grum
 18636 | Lair:1   | Found a transporter.
 19053 | Lair:2   | You fall into a shaft and drop 2 floors!
 19521 | Lair:2   | Offered knowledge of Olgreb's Toxic Radiance by Vehumet.
 19530 | Lair:3   | Learned a level 4 spell: Olgreb's Toxic Radiance
 19819 | Lair:2   | Reached skill level 12 in Spellcasting
 20003 | Lair:2   | Noticed a catoblepas
 20027 | Lair:2   | Killed a catoblepas
 21388 | Lair:3   | Reached **** piety under Vehumet
 21599 | Lair:3   | Offered knowledge of Iskenderun's Mystic Blast by Vehumet.
 21706 | Lair:3   | Found a hole to the Spider Nest.
 22264 | Lair:3   | Found a runed translucent door.
 22267 | Lair:3   | Noticed Noname's ghost (journeyman DgFE)
 22270 | Lair:3   | Identified the +8 spear of Cheibriados's Regard {vorpal,
                  | rF+ Dex+5}
 22700 | Lair:3   | Mangled by a blink frog
 22701 | Lair:3   | Reached XP level 11. HP: -6/53 MP: 12/28
 22701 | Lair:3   | Reached XP level 12. HP: 57/57 MP: 29/29
 22864 | Lair:3   | Found a hole to the Spider Nest.
 24219 | Lair:4   | Reached skill level 13 in Spellcasting
 24762 | Lair:4   | Found a staircase to the Swamp.
 24766 | Lair:4   | Reached skill level 10 in Fighting
 25172 | Lair:5   | Noticed a six-headed hydra
 25177 | Lair:5   | Killed a six-headed hydra
 25178 | Lair:5   | Reached skill level 10 in Ice Magic
 25430 | Lair:5   | Found a viscous altar of Jiyva.
 25431 | Lair:5   | Found a staircase to the Slime Pits.
 26147 | Lair:6   | Entered Level 6 of the Lair of Beasts
 26153 | Lair:6   | Reached XP level 13. HP: 62/62 MP: 14/31
 26260 | Lair:5   | HP: 2/62 [black mamba (7)]
 26598 | Lair:5   | Reached ***** piety under Vehumet
 26657 | Lair:5   | Found a staircase to the Slime Pits.
 26657 | Lair:5   | Found a viscous altar of Jiyva.
 27199 | Lair:6   | Offered knowledge of Lightning Bolt by Vehumet.
 27315 | Lair:6   | Learned a level 5 spell: Lightning Bolt
 27971 | Lair:6   | Reached skill level 14 in Spellcasting
 28599 | Lair:6   | Noticed a fire dragon
 28600 | Lair:6   | Found a large runed translucent door.
 28727 | Lair:6   | Found a large runed translucent door.
 29006 | Orc:1    | Entered Level 1 of the Orcish Mines
 29124 | Orc:2    | Entered Level 2 of the Orcish Mines
 29918 | Orc:2    | Reached XP level 14. HP: 67/67 MP: 21/33
 29974 | Orc:2    | Noticed Maurice
 29977 | Orc:2    | Killed Maurice
 30081 | Orc:2    | Offered knowledge of Hailstorm by Vehumet.
 30272 | Orc:2    | Found a staircase to the Elven Halls.
 30331 | Orc:2    | Found Netivvepo's General Store.
 30331 | Orc:2    | Found Atsiq's Antique Weapon Shop.
 30332 | Orc:2    | Found Coxzisix's Magic Scroll Boutique.
 30332 | Orc:2    | Found Cyeh's Antique Weapon Emporium.
 30342 | Orc:2    | Bought a scroll of magic mapping for 42 gold pieces
 30342 | Orc:2    | Bought a scroll of teleportation for 36 gold pieces
 30342 | Orc:2    | Bought a scroll of teleportation for 36 gold pieces
 30511 | Orc:2    | Reached skill level 15 in Spellcasting
 30703 | Orc:2    | Bought the ring of Entrepreneurial Spirit {rC+ rN+ Int+6}
                  | for 1150 gold pieces
 30755 | D:12     | Noticed Fannar
 30769 | D:11     | Killed Fannar
 32092 | D:13     | Found a large runed translucent door.
 32173 | D:13     | Found a gate to the Vaults.
 32348 | D:13     | Shot with a bolt by a yaktaur
 32349 | D:13     | Reached XP level 13. HP: 0/64 MP: 12/33
 32819 | D:13     | Reached skill level 10 in Air Magic
 33053 | D:13     | Found a large runed translucent door.
 33056 | D:13     | Found a large runed translucent door.
 33057 | D:13     | Found a large runed translucent door.
 33058 | D:13     | Found a large runed translucent door.
 33059 | D:13     | Noticed an ettin
 33153 | D:13     | Mangled by a boulder beetle
 33154 | D:13     | Reached XP level 12. HP: -12/61 MP: 10/32
 33154 | D:13     | Quit the game

Illustrated notes

Levels and vault maps discovered:
D:1:      shiori_arrival_oz, layout_rooms, ebering_ecumenical_altar_abandoned,
          serial_shops, nicolae_shop_trees
D:2:      layout_loops_ring, basic_altar
D:3:      layout_loops_ring, general_overflow_altar
D:4:      layout_gridville, nicolae_ru_great_annihilating_truth, st_stairs_12,
          hangedman_glass_teeth
D:5:      layout_rooms, nicolae_wu_jian_immortal_techniques, serial_shops,
          nicolae_stop_n_shop_1
D:6:      layout_loops_corners, chei_slow_surprise,
          mainiacjoe_overflow_tiny_flanked, minmay_temple_entry_fiery,
          nicolae_lava_and_water
D:7:      layout_cave_pods, nicolae_overflow_crystal_walls,
          gammafunk_ghost_grave, uniq_prince_ribbit1, uniq_crazy_yiuf_cottage
D:8:      layout_gridville, mainiacjoe_overflow_chevrons, dpeg_lair_monsters
D:9:      layout_small_grid, gammafunk_ghost_ooze,
          hellmonk_guarded_unrand_staff_of_battle
D:10:     layout_stronghold, nzn_makhleb_speed_demon,
          mainiacjoe_overflow_catwalk, led_sif_book, overflow_temple_1_default,
          david_orc_3, nicolae_twisting_strands
D:11:     layout_roguey, serial_shops, nicolae_shop_advertising_works
          [nicolae_subvault_shop_adworks]
D:12:     layout_grid_maze, nicolae_elevator_lobby_asterisk, uniq_fannar
D:13:     minmay_five_octagons, layout_irregular_city, david_vaults_2
Temple:   jpeg_temple_clearing
Lair:1:   gammafunk_worm_tunnel, layout_cave_pods, gammafunk_ghost_icy,
          grunt_megastairs_4, uniq_grum
Lair:2:   layout_roguey, infiniplex_staircase_pool
Lair:3:   cheibrodos_magma_flow, layout_regular_city, spider_nest_entry_webs,
          ebering_ghost_funeral_grove, portal_ice_cave_entry_imps
Lair:4:   layout_regular_city, nicolae_swamp_entry_splash_gauntlet,
          gauntlet_entry_generic, grunt_megastairs_2
Lair:5:   layout_hall_layers, slime_altar_1, nicolae_quartered_pool_little
Lair:6:   cheibrodos_lair_end_hotspot, layout_regular_city, lemuel_fruit_tree
Orc:1:    layout_caves
Orc:2:    st_orc_ogre_mass, layout_diamond_mine, nicolae_volcano_entry_hallway,
          basic_altar, uniq_maurice

Skill      XL: |  1  2  3  4  5  6  7  8  9 10 11 12 13 14 |
---------------+-------------------------------------------+-----
Conjurations   | 1 2 3 |  3.0
Air Magic      | 3 4 5 7 8 9 10 | 10.0
Fighting       | 1 2 3 4 5 7 8 10 12 | 12.0
Spellcasting   | 3 4 5 6 8 9 11 13 14 15 | 15.6
Necromancy     | 2 3 |  3.0
Ice Magic      | 3 6 10 12 13 | 13.0
Dodging        | |  2.8
Stealth        | |  2.6

Action                   |  1- 3 |  4- 6 |  7- 9 | 10-12 | 13-15 || total
-------------------------+-------+-------+-------+-------+-------++-------
Melee: Unarmed           |    12 |       |     3 |     2 |       ||    17
       Bite              |     1 |       |       |       |       ||     1
 Cast: Shock             |    97 |   152 |   220 |   148 |       ||   617
       Airstrike         |       |       |    54 |   454 |   219 ||   727
       Olgreb's Toxic Ra |       |       |       |    40 |     4 ||    44
       Ozocubu's Refrige |       |       |       |     4 |   103 ||   107
       Lightning Bolt    |       |       |       |       |     4 ||     4
Evoke: Wand              |       |       |       |     5 |     1 ||     6
  Use: Scroll            |       |       |    14 |    10 |     2 ||    26
       Potion            |       |       |       |     1 |     1 ||     2
 Stab: Sleeping          |       |       |     1 |       |       ||     1
Armor: Skin              |       |     1 |     8 |    15 |     2 ||    26
Dodge: Dodged            |    33 |    70 |    83 |   182 |    51 ||   419

Table legend: (Time is in decaauts)
 A = Elapsed time spent in this place.
 B = Non-inter-level travel time spent in this place.
 C = Inter-level travel time spent in this place.
 D = Time resting spent in this place.
 E = Time spent auto-exploring this place.
 F = Levels seen in this place.
 G = Mean time per level.
                   A        B        C        D        E       F      G
               +--------+--------+--------+--------+--------+-----+--------+
         Total |  29861 |  28838 |   1023 |   2560 |  22351 |  22 | 1357.3 |
       Dungeon |  18188 |  17597 |    591 |   1750 |  13586 |  13 | 1399.1 |
        Temple |    162 |    129 |     33 |      0 |    117 |   1 |  162.0 |
          Lair |   9992 |   9664 |    328 |    705 |   7626 |   6 | 1665.3 |
  Orcish Mines |   1519 |   1450 |     69 |    105 |   1021 |   2 |  759.5 |
               +--------+--------+--------+--------+--------+-----+--------+

Top non-repeatable levels by time:
     D:8: 2427 daAuts
  Lair:3: 2272 daAuts
     D:7: 2197 daAuts
    D:10: 2158 daAuts
  Lair:5: 1941 daAuts
  Lair:2: 1799 daAuts
     D:6: 1654 daAuts
  Lair:6: 1537 daAuts
    D:11: 1409 daAuts
    D:12: 1405 daAuts
  Lair:4: 1295 daAuts
     D:9: 1210 daAuts
  Lair:1: 1145 daAuts
     D:4: 1140 daAuts
   Orc:2: 1084 daAuts
